 Dungeon Crawl Stone Soup version 0.31-a0-978-g1e143483b6 (webtiles) character file.

Game seed: 6207801980478105243

198 ytrimaz the Sneak (level 5, -1/33 HPs)
             Began as an Octopode Shapeshifter on Oct 30, 2023.
             Slain by a goblin
             ... wielding a +0 club
             ... led by Robin
              (4 damage)
             ... on level 4 of the Dungeon.
             The game lasted 00:03:15 (2678 turns).

ytrimaz the Sneak (Octopode Shapeshifter)           Turns: 2678, Time: 00:03:16

Health: -1/33      AC:  1    Str: 14    XL:     5   Next: 76%
Magic:  5/5        EV: 13    Int: 12    God:
Gold:   208        SH:  0    Dex: 13    Spells: 4/4 levels left

rFire   + .          .
                       - Unarmed
rCold   . . .        (no shield)
rNeg    + . .        (helmet currently unavailable)
rPois   .            (no amulet)
rElec   .            j - ring of see invisible
rCorr   .            m - ring of positive energy
SInv    +            r - ring of protection from fire
Will    .....        (no ring)
Stlth   ++++         (no ring)
HPRegen 0.25/turn    (no ring)
MPRegen 0.09/turn    (no ring)
                     (no ring)

%: no passive effects
@: beast-form
A: beast (slay +1), almost no armour, amphibious, 8 rings, camouflage 1,
gelatinous body 1, (nimble swimmer 1), tentacles
a: Begin Untransformation


You were on level 4 of the Dungeon.
You were a hulking beast.
You visited 1 branch of the dungeon, and saw 4 of its levels.

You collected 208 gold pieces.


Innate Abilities, Weirdness & Mutations

You are a hulking beast.
Your limbs bulge with bestial killing power. (Slay +1)
You cannot wear most types of armour.
You are amphibious.
You can wear up to eight rings at the same time.
Your skin changes colour to match your surroundings (Stealth+).
Your rubbery body absorbs attacks. (AC +1, EV +1)
((You are camouflaged when in or above water. (Stealth+)))
You have tentacles for arms and can constrict up to eight enemies at once.


   Skills:
 - Level 1.0 Fighting
 - Level 2.0 Dodging
 * Level 6.3 Stealth
 + Level 4.2 Unarmed Combat
 - Level 3.0 Shapeshifting


You had 4 spell levels left.
You didn't know any spells.
Your spell library was empty.

Inventory:

Jewellery
 j - a ring of see invisible (left tentacle)
   (You found it on level 1 of the Dungeon)
 m - a ring of positive energy (right tentacle)
   (You found it on level 2 of the Dungeon)
 r - a ring of protection from fire (on tentacle)
   (You found it on level 3 of the Dungeon)
Talismans
 b - a beast talisman
 c - a flux talisman
Scrolls
 f - a scroll of teleportation {unknown}
 h - 3 scrolls of blinking
 i - a scroll of vulnerability {unknown}
 l - a scroll of revelation {unknown}
 p - a scroll of fog {unknown}
 q - a scroll of identify {unknown}
Potions
 d - 2 potions of mutation {unknown}
 e - a potion of brilliance {unknown}
 g - a potion of degeneration {unknown}
 k - 2 potions of resistance {unknown}
 n - a potion of ambrosia {unknown}
 o - a potion of might {unknown}

Dungeon Overview and Level Annotations

Branches:
Dungeon (4/15) Zot: 21333
 Temple: D:4-7

Altars:
Sif Muna

......#
.....#
.....#
.....#
##....#
#.....#
#ggg..#
#ghg..#
#######


You could see 5 goblins.


Message History

The goblin hits you but does no damage.
Unknown command. 😮 HP[-3]
You take 3 damage, and now have 27/49 hp.
You are too injured to fight recklessly!
You cannot move.
You are too injured to fight recklessly!
You cannot move.
You barely miss the goblin. The goblin hits you but does no damage.
The endoplasm hits you. The goblin hits you but does no damage.
The goblin hits you with a +0 club. 😮 HP[-2]
You take 2 damage, and now have 25/49 hp.
You are too injured to fight recklessly!
You cannot move.
You smack the goblin!
You kill the goblin!
The goblin no longer looks unusually strong.
The endoplasm freezes you.
You are frozen.
* * * LOW HITPOINT WARNING * * *
The goblin hits you but does no damage. The goblin barely misses you. 😨 HP[-5]
You take 5 damage, and now have 20/49 hp.
You are too injured to fight recklessly!
You closely miss the goblin.
The goblin no longer looks unusually strong.
The endoplasm hits you.
* * * LOW HITPOINT WARNING * * *
The goblin hits you but does no damage. x2 😨 HP[-2]
You take 2 damage, and now have 18/49 hp.
You closely miss the goblin.
The goblin no longer looks unusually strong. x2
The endoplasm freezes you.
You are frozen.
* * * LOW HITPOINT WARNING * * *
The goblin hits you but does no damage. x4 😨 HP[-1]
You take 1 damage, and now have 17/49 hp.
You barely miss the goblin.
The goblin no longer looks unusually strong.
The goblin hits you but does no damage. The endoplasm hits you.
* * * LOW HITPOINT WARNING * * *
The goblin barely misses you.
The goblin hits you but does no damage. x2 😨 HP[-1]
You take 1 damage, and now have 16/49 hp.
You are too injured to fight recklessly!
Unknown command.
You closely miss the goblin.
Your transformation is almost over.
The hobgoblin no longer looks unusually strong.
The goblin hits you but does no damage. The endoplasm completely misses you.
The goblin hits you but does no damage. x2; The goblin hits you with a +0 club.
* * * LOW HITPOINT WARNING * * *
You closely miss the goblin. The goblin hits you with a +0 club.
* * * LOW HITPOINT WARNING * * *
The endoplasm hits you but does no damage.
The goblin hits you with a +0 club.
* * * LOW HITPOINT WARNING * * *
The goblin hits you with a +0 dagger.
* * * LOW HITPOINT WARNING * * *
The goblin hits you but does no damage. 😱 HP[-8]
You take 8 damage, and now have 8/49 hp.
You hit the goblin. The goblin hits you but does no damage.
The endoplasm freezes you.
You are frozen.
* * * LOW HITPOINT WARNING * * *
The goblin hits you but does no damage. x3 😱 HP[-1]
You take 1 damage, and now have 7/49 hp.
Unknown command.
You barely miss the goblin. You barely miss the endoplasm.
The endoplasm hits you but does no damage.
The goblin hits you but does no damage. x4
Unknown command.
You smack the endoplasm!
You kill the endoplasm!
The goblin hits you but does no damage. x4
You barely miss the hobgoblin.
The hobgoblin hits you but does no damage.
The goblin hits you with a +0 club.
* * * LOW HITPOINT WARNING * * *
The goblin hits you but does no damage. The goblin hits you with a +0 club.
* * * LOW HITPOINT WARNING * * *
The goblin hits you but does no damage. 😱 HP[-2]
You take 2 damage, and now have 5/49 hp.
You smack the hobgoblin!
You kill the hobgoblin!
The goblin hits you but does no damage. x4
You smack the goblin!
You kill the goblin!
The goblin hits you but does no damage. x3
You barely miss the goblin.
You feel less wooden.
You turn into a hulking beast.
The goblin hits you with a +0 club.
You die...

Skill      XL: |  1  2  3  4  5 |
---------------+----------------+-----
Stealth        | 2 3 4 5 6 |  6.3
Unarmed Combat | 4 |  4.2
Fighting       | |  1.0
Dodging        | |  2.0
Shapeshifting  | |  3.0

Action                     |  1- 3 |  4- 6 || total
---------------------------+-------+-------++-------
  Melee: Unarmed           |    52 |   102 ||   154
         Constrict         |    12 |    18 ||    30
         Tentacles         |     9 |    14 ||    23
         Punch             |       |     2 ||     2
    Use: Scroll            |       |     1 ||     1
         Potion            |       |     1 ||     1
   Stab: Sleeping          |     9 |    12 ||    21
         Distracted        |     1 |       ||     1
 Armour: Skin              |    13 |   125 ||   138
  Dodge: Dodged            |    30 |    44 ||    74

Levels and vault maps discovered:
D:1:      ldierk_walled_garden, layout_loops_ring,
          hellmonk_ecumenical_altar_watching_god
D:2:      layout_basic
D:3:      minmay_diamond_boxcup, layout_loops_cross, tgw_sif, minmay_lizard_king
D:4:      layout_gridville, minmay_goblin_outpost, uniq_robin, uniq_grinder,
          uniq_ijyb

Notes
Turn   | Place    | Note
-------+----------+-------------------------------------------
     0 | D:1      | ytrimaz the Octopode Shapeshifter began the quest for the
                  | Orb.
     0 | D:1      | Reached XP level 1. HP: 13/13 MP: 1/1
     0 | D:1      | magus.rc [v1.9.6]
    39 | D:1      | Reached skill level 1 in Stealth
    48 | D:1      | Reached skill level 2 in Stealth
    48 | D:1      | Reached XP level 2. HP: 9/18 MP: 2/2
   455 | D:1      | Noticed an eye of devastation
   459 | D:1      | Found a faded altar of an unknown god.
   463 | D:1      | Noticed a shining eye
   469 | D:1      | Noticed a glass eye
   472 | D:1      | Noticed a great orb of eyes
   712 | D:1      | Reached skill level 3 in Stealth
   795 | D:2      | Reached XP level 3. HP: 23/23 MP: 3/3
   871 | D:2      | Reached skill level 4 in Stealth
  1004 | D:2      | Reached XP level 4. HP: 28/28 MP: 4/4
  1876 | D:3      | Reached skill level 5 in Stealth
  2126 | D:3      | Reached skill level 4 in Unarmed Combat
  2126 | D:3      | Reached XP level 5. HP: 20/33 MP: 5/5
  2298 | D:3      | Noticed Jessica
  2308 | D:3      | Killed Jessica
  2309 | D:3      | Reached skill level 6 in Stealth
  2309 | D:3      | Found a shimmering blue altar of Sif Muna.
  2646 | D:4      | Noticed Robin
  2654 | D:4      | Killed Robin
  2670 | D:4      | HP: 12/49 [goblin/+0 club[Robin] (3)]
  2675 | D:4      | HP: 7/49 [goblin/+0 club[Robin] (1)]
  2678 | D:4      | Slain by a goblin

Vanquished Creatures
  Jessica (D:3)
  Robin (D:4)
  9 adders
  A dart slug (D:1)
  2 orcs (D:3)
  10 endoplasms
  3 giant cockroaches
  6 goblins
  10 hobgoblins
  4 jackals (D:2)
  4 quokkas
  3 ball pythons
  5 bats
  7 frilled lizards
  5 kobolds
  3 rats
74 creatures vanquished.

Table legend:
 A = Non-vault XP
 B = Vault XP
 C = Vault XP percentage of total XP
 D = Non-vault monster count
 E = Vault monster count
 F = Vault count percentage of total count
                 A         B        C        D         E       F
            +---------+---------+-------+---------+---------+-------
      Total |     177 |     106 |  37.5 |      55 |      19 |  25.7
            +---------+---------+-------+---------+---------+-------
        D:1 |      30 |       0 |   0.0 |      18 |       0 |   0.0
        D:2 |      90 |       0 |   0.0 |      25 |       0 |   0.0
        D:3 |      55 |      81 |  59.6 |      11 |      13 |  54.2
        D:4 |       2 |      25 |  92.6 |       1 |       6 |  85.7
            +---------+---------+-------+---------+---------+-------

Skill      XL: |  1  2  3  4  5 |
---------------+----------------+-----
Stealth        | 2 3 4 5 6 |  6.3
Unarmed Combat | 4 |  4.2
Fighting       | |  1.0
Dodging        | |  2.0
Shapeshifting  | |  3.0

Action                     |  1- 3 |  4- 6 || total
---------------------------+-------+-------++-------
  Melee: Unarmed           |    52 |   102 ||   154
         Constrict         |    12 |    18 ||    30
         Tentacles         |     9 |    14 ||    23
         Punch             |       |     2 ||     2
    Use: Scroll            |       |     1 ||     1
         Potion            |       |     1 ||     1
   Stab: Sleeping          |     9 |    12 ||    21
         Distracted        |     1 |       ||     1
 Armour: Skin              |    13 |   125 ||   138
  Dodge: Dodged            |    30 |    44 ||    74

Illustrated notes

Table legend:
 A = Kills in this place as a percentage of kills in the entire game.
 B = Kills by you in this place as a percentage of kills by you in the entire game.
 C = Kills by friends in this place as a percentage of kills by friends in the entire game.
 D = Other kills in this place as a percentage of other kills in the entire game.
 E = Experience gained in this place as a percentage of experience gained in the entire game.
 F = Experience gained in this place divided by the number of levels of this place that you have seen.
                   A       B       C       D       E      F
               +-------+-------+-------+-------+-------+----------------------
         Total | 100.0 | 100.0 |   N/A |   N/A | 100.0 |  70.8
       Dungeon | 100.0 | 100.0 |   N/A |   N/A | 100.0 |  70.8
               +-------+-------+-------+-------+-------+----------------------

Table legend: (Time is in decaauts)
 A = Elapsed time spent in this place.
 B = Non-inter-level travel time spent in this place.
 C = Inter-level travel time spent in this place.
 D = Time resting spent in this place.
 E = Time spent auto-exploring this place.
 F = Levels seen in this place.
 G = Mean time per level.
                   A        B        C        D        E       F      G
               +--------+--------+--------+--------+--------+-----+--------+
         Total |   2665 |   2566 |     99 |     25 |   2093 |   4 |  666.2 |
       Dungeon |   2665 |   2566 |     99 |     25 |   2093 |   4 |  666.2 |
               +--------+--------+--------+--------+--------+-----+--------+

Top non-repeatable levels by time:
     D:3: 966 daAuts
     D:2: 914 daAuts
     D:1: 755 daAuts
     D:4: 29 daAuts
